AoeStats
← Doak

Black Forest

507596780Analyzed
4v4 RM · 13d ago on Sep 18, 2026· 48m 12s· 8 players
Game mode
Random Map
Map size
Large (8 player)
Population
200
Speed
Normal
Resources
Standard
Victory
Conquest
Starting age
Dark Age
Ending age
Imperial Age
RankedLock teamsTeams togetherTeam positionsShared explorationLock speedFull tech treeHidden civsTurbo modeCheats
Victory
Defeat
🇦🇷 Mongols · Argentina
1422
+12
🇦🇷 Bengalis · Argentina
1421
+12
🇨🇳 Ethiopians · China
1355
+15
🇦🇷 Bohemians · Argentina
1355
+15
🇬🇧 Persians · United Kingdom
1362
-15
🇺🇸 Koreans · United States
1362
-15
🇩🇪 Saracens · Germany
1317
-13
🇹🇷 Dravidians · Türkiye
1267
-11
Les Choristes
0:45 Loom
12:31 Feudal Age
13:59 Double-Bit Axe
16:20 Castle Age
16:08 Horse Collar
18:05 Heavy Plow
18:16 Bow Saw
20:06 Wheelbarrow
24:45 Stone Mining
25:52 Gold Mining
30:36 Imperial Age
28:26 Fletching
28:36 Padded Archer Armor
29:08 Ballistics
29:25 Hand Cart
29:25 Bodkin Arrow
28:57 Crossbowman
30:45 Leather Archer Armor
31:04 Thumb Ring
31:38 Gold Shaft Mining
32:31 Chemistry
31:58 Conscription
31:45 Bracer
32:36 Ring Archer Armor
31:52 Arbalester
33:58 Two-Man Saw
34:59 Torsion Engines
36:52 Siege Engineers
36:57 Masonry
37:23 Town Watch
39:10 Halberdier
39:50 Squires
39:16 Elite Shotel Warrior
39:56 Royal Heirs
42:52 Scale Mail Armor
43:02 Forging
44:03 Architecture
44:28 Chain Mail Armor
44:02 Arson
46:15 Plate Mail Armor
46:21 Iron Casting
sk
10:44 Feudal Age
14:31 Castle Age
13:55 Double-Bit Axe
13:51 Horse Collar
16:26 Bow Saw
18:44 Forging
21:56 Heavy Plow
26:07 Wheelbarrow
26:07 Stone Mining
26:13 Gold Mining
28:27 Fletching
29:14 Hand Cart
30:09 Gold Shaft Mining
29:45 Bodkin Arrow
33:30 Imperial Age
31:34 Padded Archer Armor
31:39 Husbandry
31:49 Bloodlines
33:08 Stone Shaft Mining
34:43 Ballistics
34:26 Bracer
35:46 Leather Archer Armor
36:51 Chemistry
37:01 Murder Holes
37:12 Siege Engineers
38:12 Thumb Ring
38:33 Parthian Tactics
39:33 Drill
39:10 Onager
41:47 Siege Onager
44:22 Elite Mangudai
Potu
12:14 Feudal Age
16:19 Castle Age
14:27 Double-Bit Axe
14:32 Horse Collar
19:23 Loom
20:57 Wheelbarrow
21:41 Heavy Plow
22:02 Caravan
22:24 Town Watch
24:04 Hand Cart
25:43 Bow Saw
30:28 Imperial Age
27:55 Fletching
31:00 Chemistry
31:08 Houfnice
32:03 Padded Archer Armor
33:28 Siege Engineers
39:13 Leather Archer Armor
39:59 Coinage
39:42 Guilds
40:07 Elite Skirmisher
41:34 Banking
45:13 Caravan
48:09 Bodkin Arrow
poi
0:52 Loom
11:44 Feudal Age
12:55 Double-Bit Axe
14:18 Fletching
15:50 Padded Archer Armor
15:55 Horse Collar
23:33 Castle Age
22:41 Gold Mining
23:41 Crossbowman
24:17 Bodkin Arrow
26:45 Sanctity
27:24 Redemption
28:54 Wheelbarrow
32:26 Bow Saw
35:23 Imperial Age
36:22 Block Printing
36:34 Illumination
36:49 Theocracy
38:02 Husbandry
38:12 Bloodlines
38:08 Scale Barding Armor
39:57 Chain Barding Armor
39:48 Forging
39:16 Elite Battle Elephant
40:29 Conscription
40:49 Hand Cart
41:03 Paiks
41:00 Town Watch
43:13 Plate Barding Armor
46:29 Iron Casting
47:11 Caravan
49:02 Two-Man Saw
ikaradayi976
8:49 Loom
13:20 Feudal Age
16:54 Castle Age
14:41 Double-Bit Axe
14:42 Horse Collar
17:33 Fletching
17:57 Gold Mining
22:32 Bodkin Arrow
23:55 Padded Archer Armor
25:59 Wheelbarrow
25:37 Heavy Plow
26:55 Bow Saw
27:08 Leather Archer Armor
30:57 Medical Corps
33:23 Devotion
34:20 Hand Cart
33:52 Town Watch
36:28 Ballistics
38:08 Thumb Ring
42:14 Imperial Age
44:20 Bracer
44:50 Ring Archer Armor
47:10 Chemistry
46:00 Elite Elephant Archer
Doak
10:32 Feudal Age
12:05 Double-Bit Axe
14:39 Castle Age
12:34 Horse Collar
16:13 Bow Saw
16:40 Loom
20:32 Heavy Plow
23:18 Wheelbarrow
22:36 Gold Mining
28:03 Imperial Age
25:42 Stone Mining
26:40 Scale Barding Armor
26:45 Forging
27:53 Chain Barding Armor
27:45 Bloodlines
27:35 Husbandry
29:19 Chemistry
27:41 Cavalier
29:01 Hand Cart
29:58 Plate Barding Armor
30:35 Iron Casting
30:23 Ballistics
32:07 Padded Archer Armor
33:39 Blast Furnace
32:53 Elite Skirmisher
33:24 Fletching
33:50 Leather Archer Armor
34:15 Light Cavalry
35:37 Bodkin Arrow
36:08 Hussar
37:52 Thumb Ring
38:18 Ring Archer Armor
39:37 Caravan
41:07 Masonry
Das Frettchen
4:40 Loom
11:12 Feudal Age
12:03 Stone Mining
12:16 Double-Bit Axe
18:22 Fletching
21:33 Castle Age
20:26 Padded Archer Armor
23:05 Wheelbarrow
23:19 Bow Saw
22:52 Horse Collar
26:32 Hand Cart
31:37 Heavy Plow
35:15 Imperial Age
34:23 Town Watch
35:17 Capped Ram
39:30 Siege Ram
43:00 Elite Skirmisher
44:17 Town Patrol
44:58 Counterweights
45:00 Thumb Ring
45:49 Ballistics
46:21 Gold Mining
Blox
0:54 Loom
12:43 Feudal Age
13:15 Double-Bit Axe
13:13 Horse Collar
19:14 Castle Age
18:00 Gold Mining
18:06 Stone Mining
20:09 Bow Saw
23:51 Wheelbarrow
27:37 Caravan
32:43 Imperial Age
30:31 Fletching
31:42 Gold Shaft Mining
31:31 Bodkin Arrow
32:01 Ballistics
33:27 Bracer
34:30 Chemistry
34:21 Guilds
35:03 Conscription
35:45 Conscription
35:50 Thumb Ring
35:33 Elite War Wagon
38:00 Eupseong
40:27 Coinage
40:59 Siege Engineers
41:05 Masonry
42:40 Shinkichon
44:05 Treadmill Crane
44:57 Architecture
Connection lost

Rejoining the realm…

Still unreachable

The connection could not be restored.

Session expired

The server has moved on; the page needs a fresh start.